 Dungeon Crawl Stone Soup version 0.16.1-17-g773cdaf (webtiles) character file.

2020 Gurken the Protected (level 9, 0/82 HPs)
             Began as a Minotaur Berserker on Apr 23, 2015.
             Was an Elder of Trog.
             Succumbed to a black mamba's poison
             ... on level 8 of the Dungeon.
             The game lasted 00:21:19 (4889 turns).

Gurken the Protected (Minotaur Berserker)           Turns: 4889, Time: 00:21:19

Health: 0/82       AC: 14    Str: 24    XL:     9   Next: 3%
Magic:  4/4        EV: 16    Int:  8    God:    Trog [****..]
Gold:   398        SH:  0    Dex: 16    Spells: 0 memorised, 8 levels left

rFire  . . .     SeeInvis .     a - +1 falchion
rCold  . . .     Clarity  .     h - +1 chain mail
rNeg   . . .     SustAb   .     (no shield)
rPois  .         Gourm    .     (helmet restricted)
rElec  .         Spirit   .     (no cloak)
rCorr  +         Warding  .     b - +1 pair of gloves
rMut   .         Stasis   .     (no boots)
MR     .....                    n - amulet of resist corrosion
Stlth  ..........               y - ring of loudness (curse)
                                w - +4 ring of intelligence

@: agile, lethally poisoned (0 -> -4), flying, not resistant to hostile
enchantments, extremely unstealthy
A: retaliatory headbutt, horns 2
a: Burn Spellbooks, Berserk, Trog's Hand, Brothers in Arms, Renounce Religion


You were on level 8 of the Dungeon.
You worshipped Trog.
Trog was greatly pleased with you.
You were not hungry.

You visited 2 branches of the dungeon, and saw 7 of its levels.

You collected 398 gold pieces.

Inventory:

Hand weapons
 a - a +1 falchion (weapon)
Missiles
 e - 6 stones
 q - 5 javelins of returning (quivered)
 t - a javelin
Armour
 b - a +1 pair of gloves (worn)
 h - a +1 chain mail (worn)
 l - the +27 Lear's hauberk {No minotaur love}
   (You found it on level 5 of the Dungeon)
Jewellery
 n - an amulet of resist corrosion (around neck)
 w - a +4 ring of intelligence (left hand)
 y - a cursed ring of loudness (right hand)
Magical devices
 c - a wand of draining (6)
 d - a wand of digging (9)
 o - a wand of magic darts (28)
 p - a wand of fireball (3)
 s - a wand of polymorph (10)
 v - a wand of cold (8)
Scrolls
 f - a scroll of recharging
 i - 5 scrolls of identify
 j - 3 scrolls of remove curse
Comestibles
 r - a slice of pizza


   Skills:
 * Level 8.4 Fighting
 + Level 6.7 Long Blades
 + Level 3.4 Throwing
 * Level 8.9 Armour
 + Level 4.1 Dodging
 - Level 0.3 Stealth
 - Level 0.2 Spellcasting


You had 8 spell levels left.
You didn't know any spells.

Dungeon Overview and Level Annotations

Branches:
Dungeon (8/15)               Lair (1/8) D:8
 Temple: D:4-7

Altars:
Ashenzari
Kikubaaqudgha
Makhleb
Xom

Shops:
D:4 ?


Innate Abilities, Weirdness & Mutations

You reflexively headbutt those who attack you in melee.
You have a pair of horns on your head.


Message History

* * * LOW HITPOINT WARNING * * *
You feel sick.
* * * LOW HITPOINT WARNING * * *
You feel sick.
You aren't carrying any potions.
You aren't carrying any potions.
You feel clever.
w - a +4 ring of intelligence (left hand)
* * * LOW HITPOINT WARNING * * *
You feel sick.
Oops, that ring feels deathly cold.
y - a cursed ring of loudness (right hand)
As you read the scroll labeled DUMACO ROMAXUGH, it crumbles to dust.
The scroll dissolves into smoke.
It was a scroll of fog.
* * * LOW HITPOINT WARNING * * *
You feel sick.
You hear a grinding noise.
* * * LOW HITPOINT WARNING * * *
You feel sick.
You die...

#.........######...##
##........##.#.##....
###.#.........#.# #....
#.........#.....# #....
.##..##........# #.... ##.
##..#........# ##....
#...###...........###.....
#......§§§...........##....
#..§§§@....>....#.#....
#..§§#...........#..##.
#...............#...# ##
##.......#...#.....##
###..#...#.#..##### #
#............# #
..............# #
..........####. #.
#.......## .# ..#


There were no monsters in sight!

Vanquished Creatures
  A black mamba (Lair:1)
  The ghost of Ljcope the Chopper, an average HOGl (D:3)
  Edmund (D:4)
  A phantom (D:4)
  A sky beast (D:5)
  An ogre (D:5)
  A boring beetle (D:8)
  2 giant frogs
  A scorpion (D:4)
  3 killer bees (D:8)
  A centaur zombie (D:5)
  The ghost of Inchmeat the Conjurer, a weakling DECj (D:4)
  2 hounds
  4 orc priests
  A centaur skeleton (D:5)
  A giant frog zombie (D:5)
  4 orc wizards
  Natasha (twice) (D:5)
  4 worker ants
  Ijyb (D:4)
  Terence (D:2)
  Robin (D:4)
  6 river rats (Lair:1)
  8 adders
  A shadow imp (D:5)
  A giant mite (D:4)
  3 worms
  An adder skeleton (D:5)
  2 giant geckos
  9 orcs
  3 ball pythons
  3 bat zombies (D:5)
  4 giant cockroaches
  18 goblins
  12 hobgoblins
  13 kobolds
  7 bats
  4 giant newts
  6 jackals
  13 rats
150 creatures vanquished.

Notes
Turn   | Place    | Note
--------------------------------------------------------------
     0 | D:1      | Gurken, the Minotaur Berserker, began the quest for the Orb.
     0 | D:1      | Reached XP level 1. HP: 19/19 MP: 1/1
   138 | D:1      | Reached skill level 4 in Fighting
   141 | D:1      | Reached XP level 2. HP: 25/27 MP: 1/1
   161 | D:1      | You fall through a shaft!
   195 | D:2      | Noticed Terence
   201 | D:2      | Killed Terence
   452 | D:2      | Reached XP level 3. HP: 32/34 MP: 2/2
   570 | D:2      | Acquired Trog's second power
  1049 | D:3      | Found a shattered altar of Ashenzari.
  1055 | D:3      | Reached XP level 4. HP: 25/41 MP: 2/2
  1058 | D:3      | Reached skill level 5 in Fighting
  1612 | D:1      | Reached XP level 5. HP: 48/48 MP: 2/2
  2154 | D:3      | Noticed Ljcope's ghost (average HOGl)
  2165 | D:3      | Killed Ljcope's ghost
  2165 | D:3      | Reached skill level 1 in Throwing
  2165 | D:3      | Reached skill level 5 in Armour
  2165 | D:3      | Reached XP level 6. HP: 56/56 MP: 3/3
  2734 | D:4      | Noticed Inchmeat's ghost (weakling DECj)
  2769 | D:4      | Killed Inchmeat's ghost
  2901 | D:4      | Reached skill level 6 in Armour
  2927 | D:4      | Reached skill level 5 in Long Blades
  2927 | D:4      | Reached XP level 7. HP: 62/62 MP: 3/3
  2965 | D:4      | Noticed Edmund
  2975 | D:4      | Killed Edmund
  3077 | D:4      | Found a burning altar of Makhleb.
  3079 | D:4      | Noticed Robin
  3085 | D:4      | Killed Robin
  3117 | D:4      | Acquired Trog's third power
  3169 | D:4      | Noticed Ijyb
  3185 | D:4      | Killed Ijyb
  3185 | D:4      | Reached skill level 7 in Armour
  3307 | D:4      | Found Kagigung's Magic Scroll Emporium.
  3326 | D:5      | Entered Level 5 of the Dungeon
  3374 | D:5      | Reached XP level 8. HP: 71/71 MP: 3/3
  3760 | D:5      | Noticed Natasha
  3770 | D:5      | Killed Natasha
  3772 | D:5      | Received a gift from Trog
  4023 | D:5      | Found an ancient bone altar of Kikubaaqudgha.
  4086 | D:5      | Noticed Natasha
  4088 | D:5      | Killed Natasha
  4195 | D:5      | You fall through a shaft!
  4195 | D:8      | Found a shimmering altar of Xom.
  4594 | D:8      | Reached skill level 8 in Fighting
  4645 | D:8      | Found a staircase to the Lair.
  4684 | Lair:1   | Entered Level 1 of the Lair of Beasts
  4856 | Lair:1   | Noticed a black mamba
  4869 | Lair:1   | Killed a black mamba
  4869 | Lair:1   | Reached XP level 9. HP: 27/82 MP: 4/4
  4883 | D:8      | HP: 4/82 [poisoned by a black mamba]
  4888 | D:8      | HP: 1/82 [poisoned by a black mamba]
  4889 | D:8      | Succumbed to a black mamba's poison

Action                   |  1- 3 |  4- 6 |  7- 9 || total
-------------------------+-------+-------+-------++-------
Melee: Falchion          |    68 |    93 |   211 ||   372
Throw: Javelin           |    11 |     4 |    16 ||    31
       Stone             |     9 |     7 |    15 ||    31
Invok: Berserk           |     2 |     4 |     7 ||    13
  Use: Potion            |     3 |     1 |     4 ||     8
       Scroll            |     3 |     1 |     6 ||    10
 Stab: Invisible         |     1 |       |       ||     1
  Eat: Bread ration      |     1 |       |     2 ||     3
       Meat ration       |       |     2 |       ||     2
       Fruit             |       |       |     3 ||     3
       Beef jerky        |       |       |     2 ||     2
